 Dungeon Crawl Stone Soup version 0.21.1-1-g345015f (webtiles) character file.

7 zishaf the Sneak (level 1, -2/9 HPs)
             Began as a Spriggan Enchanter on May 18, 2018.
             Slain by Terence
             ... wielding a +0 trident
              (4 damage)
             ... on level 2 of the Dungeon.
             The game lasted 00:02:34 (1065 turns).

zishaf the Sneak (Spriggan Enchanter)               Turns: 1065, Time: 00:02:35

Health: -2/9       AC:  3    Str:  4    XL:     1   Next: 83%
Magic:  5/5        EV: 18    Int: 16    God:
Gold:   57         SH:  0    Dex: 16    Spells: 5/6 levels left

rFire    . . .     SeeInvis +   n - +5 short sword
rCold    . . .     Gourm    .   (shield restricted)
rNeg     . . .     Faith    .   b - +0 robe
rPois    .         Spirit   .   (helmet restricted)
rElec    .         Reflect  .   e - +0 cloak
rCorr    .         Harm     .   (gloves unavailable)
MR       .....                  (boots unavailable)
Stlth    +++.......             (no amulet)
HPRegen  0.03/turn              (no ring)
MPRegen  0.09/turn              (no ring)

@: very quick
A: very small, unfitting armour, see invisible, herbivore, speed 3, slow
metabolism 2
a: no special abilities


You were on level 2 of the Dungeon.
You were not hungry.

You visited 1 branch of the dungeon, and saw 2 of its levels.

You collected 57 gold pieces.

Inventory:

Hand Weapons
 a - a +1 dagger
 n - a +5 short sword (weapon)
Armour
 b - a +0 robe (worn)
 e - a +0 cloak (worn)
Scrolls
 g - a scroll of identify {unknown}
 l - 2 scrolls of amnesia {unknown}
 m - a scroll of fog {unknown}
 p - a scroll of immolation {unknown}
Potions
 f - a potion of brilliance {unknown}
 h - a potion of lignification {unknown}
 i - a potion of agility {unknown}
 j - a potion of haste {unknown}
 k - a potion of degeneration {unknown}
 o - a potion of curing {unknown}
Books
 c - a book of Maledictions

   Spells                             Type                      Level
   a - Corona                         Hexes                        1
   b - Ensorcelled Hibernation        Hexes/Ice                    2
   c - Confuse                        Hexes                        3
   d - Tukima's Dance                 Hexes                        3
   e - Dazzling Spray                 Conjuration/Hexes            3
Comestibles
 d - 3 rations


   Skills:
 - Level 1.1 Short Blades
 - Level 3.0 Dodging
 + Level 4.7 Stealth
 + Level 3.0 Spellcasting
 + Level 3.8 Hexes


You had 5 spell levels left.
You knew the following spells:

 Your Spells              Type           Power        Failure   Level  Hunger
a - Corona                Hex            ##.....      3%          1    #......


Dungeon Overview and Level Annotations

Branches:
Dungeon (2/15)

Altars:

Annotations:
D:2 exclusion: goblin, Robin, Terence


Innate Abilities, Weirdness & Mutations

You are very small and have problems with some larger weapons.
You are too small for most types of armour.
You have supernaturally acute eyesight. (SInv)
You are a herbivore.
You cover ground extremely quickly.
You need consume almost no food.


Message History

Terence is moderately wounded.
Terence closely misses you.
You hit Terence but do no damage.
Terence is moderately wounded.
Terence completely misses you.
You barely miss Terence.
Terence is moderately wounded.
Terence misses you.
You closely miss Terence.
Terence is moderately wounded.
Terence hits you with a trident!
Ouch! That really hurt!
* * * LOW HITPOINT WARNING * * *
You hit Terence but do no damage.
Terence is moderately wounded.
Terence misses you.
You hit Terence.
Terence is moderately wounded.
Terence hits you with a trident.
You die...

#..##.#..# ##........###.
#..##.#..# #.............
#........# #######......).##..
#.###.#.#................#...).
###.##....#.###.
####...##...##.#
....<..#......#. #...###.###.#
###.##....#..... #...# #.# #.#
#.###.#.#.#.#.#####...# #.# #.#
#.# ........@@.......# #.# #.#
#.# ##.#.#.#.#####..## #.# #<#
..# .#..... #........ .# ### #
#... ##.####.# #### ... ..# .##
##


You could see Terence.

Vanquished Creatures
  A hobgoblin (D:1)
  3 jackals (D:1)
  2 rats (D:1)
6 creatures vanquished.

Notes
Turn   | Place    | Note
-------+----------+-------------------------------------------
     0 | D:1      | zishaf the Spriggan Enchanter began the quest for the Orb.
     0 | D:1      | Reached XP level 1. HP: 9/9 MP: 5/5
   992 | D:2      | Noticed Robin
  1054 | D:2      | Noticed Terence
  1065 | D:2      | Slain by Terence

Skill      XL: |  1 |
---------------+----+-----
Spellcasting   | 3 |  3.0
Short Blades   | |  1.1
Dodging        | |  3.0
Stealth        | |  4.7
Hexes          | |  3.8

Action                   || total
-------------------------++-------
Melee: Dagger            ||    36
       Short sword       ||     6
 Cast: Corona            ||     9
Armor: Robe              ||     6
Dodge: Dodged            ||    39
